 Dungeon Crawl Stone Soup version 0.22.1-2-g9c5b331383 (webtiles) character file.

114 Marnok the Cudgeler (level 4, -1/37 HPs)
             Began as a Demonspawn Chaos Knight on Nov 27, 2018.
             Slain by a jackal (2 damage)
             ... on level 4 of the Dungeon.
             The game lasted 00:06:48 (1144 turns).

Marnok the Cudgeler (Demonspawn Chaos Knight)       Turns: 1144, Time: 00:06:49

Health: -1/37      AC:  5    Str: 14    XL:     4   Next: 67%
Magic:  4/4        EV: 11    Int: 13    God:    Xom [.*....]
Gold:   111        SH:  0    Dex: 12    Spells: 3/3 levels left

rFire    + . .     SeeInvis .   a - +1 mace (chaos)
rCold    . . .     Gourm    .   (no shield)
rNeg     . . .     Faith    .   b - +2 leather armour
rPois    .         Spirit   .   (no helmet)
rElec    .         Reflect  .   (no cloak)
rCorr    .         Harm     .   (no gloves)
MR       .....                  (no boots)
Stlth    +.........             (no amulet)
HPRegen  0.12/turn              (no ring)
MPRegen  0.09/turn              (no ring)

@: no status effects
A: claws 2, fire resistance 1
a: Renounce Religion


You were on level 4 of the Dungeon.
You worshipped Xom.
You were a plaything of Xom.
You were not hungry.

You visited 1 branch of the dungeon, and saw 4 of its levels.

You collected 111 gold pieces.

Inventory:

Hand Weapons
 a - a +1 mace of chaos (weapon)
 k - a +0 whip of freezing
 m - a +2 short sword of venom
Missiles
 i - 21 poisoned needles
Armour
 b - a +2 leather armour (worn)
Jewellery
 e - an uncursed amulet of the gourmand {unknown}
 f - an uncursed amulet of harm {unknown}
 g - an uncursed ring of protection from fire {unknown}
Potions
 l - a potion of flight
Comestibles
 c - 3 rations
 d - 2 chunks of flesh


   Skills:
 + Level 3.7 Fighting
 + Level 3.8 Maces & Flails
 + Level 2.3 Armour
 + Level 1.6 Dodging
 + Level 0.6 Stealth


You had 3 spell levels left.
You didn't know any spells.
Your spell library was empty.

Dungeon Overview and Level Annotations

Branches:
Dungeon (4/15)
 Temple: D:4-7

Altars:
Wu Jian
The Shining One


Innate Abilities, Weirdness & Mutations

You have very sharp fingernails.
Your flesh is heat resistant. (rF+)


Message History

The jackal is severely wounded.
The jackal closely misses you. x2
The jackal bites you but does no damage.
The jackal barely misses you.
You closely miss the jackal.
The jackal is severely wounded.
The jackal bites you but does no damage.
The jackal barely misses you. The jackal bites you.
* * * LOW HITPOINT WARNING * * *
The jackal closely misses you.
You closely miss the jackal.
The jackal is severely wounded.
The jackal bites you but does no damage.
The jackal barely misses you.
You hit the jackal.
You feel better.
The jackal is almost dead.
The jackal misses you. The jackal barely misses you. The jackal bites you.
* * * LOW HITPOINT WARNING * * *
The jackal bites you.
You die...

#....#...........
#....#...........
#....#...<.......
#.####.....##..>.
####+##########.
.##
#.>..†..........
#)......$......#
#........h....#
##...##.@h.?.##
##########...#
...# ...


You could see 2 jackals.

Vanquished Creatures
  An orc wizard (D:4)
  A worker ant (D:4)
  4 adders (D:2)
  A worm (D:2)
  A leopard gecko (D:2)
  A goblin (D:1)
  3 hobgoblins (D:2)
  2 jackals (D:2)
  3 bats
  3 frilled lizards
  3 kobolds (D:2)
  4 rats
27 creatures vanquished.

Notes
Turn   | Place    | Note
-------+----------+-------------------------------------------
     0 | D:1      | Marnok the Demonspawn Chaos Knight began the quest for the
                  | Orb.
     0 | D:1      | Reached XP level 1. HP: 18/18 MP: 1/1
   318 | D:1      | XOM: silly message
   443 | D:1      | Found a glowing golden altar of the Shining One.
   482 | D:2      | Gained mutation: You have sharp fingernails. [demonic
                  | ancestry]
   482 | D:2      | Reached XP level 2. HP: 20/24 MP: 2/2
   498 | D:2      | Reached skill level 1 in Dodging
   503 | D:2      | XOM: mild Necr miscast
   658 | D:2      | Gained mutation: You have very sharp fingernails. [demonic
                  | ancestry]
   658 | D:2      | Reached XP level 3. HP: 27/29 MP: 3/3
   695 | D:2      | Found an ornate altar of the Wu Jian Council.
   695 | D:2      | XOM: 4-stop teleportation journey
  1103 | D:4      | Gained mutation: Your flesh is heat resistant. (rF+)
                  | [demonic ancestry]
  1103 | D:4      | Reached XP level 4. HP: 7/37 MP: 4/4
  1144 | D:4      | HP: 1/37 [jackal (3)]
  1144 | D:4      | Slain by a jackal

Skill      XL: |  1  2 |
---------------+-------+-----
Armour         | 2 |  2.3
Maces & Flails | 3 |  3.8
Dodging        | 1 |  1.6
Fighting       | |  3.7
Stealth        | |  0.6

Action                   |  1- 3 |  4- 6 || total
-------------------------+-------+-------++-------
Melee: Mace              |    88 |     9 ||    97
  Use: Potion            |     2 |       ||     2
       Scroll            |     1 |       ||     1
 Stab: Sleeping          |     1 |       ||     1
       Paralysed         |     1 |       ||     1
  Eat: Ration            |     1 |       ||     1
Armor: Leather armour    |    47 |     5 ||    52
Dodge: Dodged            |    78 |    13 ||    91
